General information
- name: BNet
- type: Ladder team game (AT/RT)
- host: Battle.net
- saver: TrayTor
map: TwilightRuins
- players: 8
- length: 71:50
- speed: Fast
- version: 1.26 W3XP
- replay type: Public
» download(309 KB)
Players
team 1 (winner)

»
Sandusky (
red | 15 APM | 1055 actions | 71:49)
4 Keeper of the Grove
1 Entangling Roots
2 Force of Nature
1 Thorns Aura
3 Priestess of the Moon
2 Trueshot Aura
1 Searing Arrows
» actions
| Build / train | 95 | |
| Enter build submenu | 20 | |
| Enter hero's abilities submenu | 7 | |
| Remove unit from queue | 5 | |
| Right click | 533 | |
| Select / deselect | 332 | |
| Use ability | 63 | |
1055 total
» units
| Wisp | 29 | |
| Archer | 24 | |
| Huntress | 10 | |
| Druid of the Talon | 10 | |
73 total
» upgrades
| Sentinel | 1 | |
| Druid of the Talon Training | 2 | |
| Mark of the Talon | 1 | |
4 total
» buildings
| Altar of Elders | 1 | |
| Moon Well | 5 | |
| Ancient of War | 1 | |
| Tree of Ages | 2 | |
| Hunter's Hall | 2 | |
| Ancient of Wonders | 1 | |
| Tree of Eternity | 1 | |
| Ancient of Wind | 2 | |
| Tree of Life | 6 | |
21 total
» build order
00:09 Altar of Elders
00:14 Moon Well
00:37 Ancient of War
01:33 Moon Well
03:00 Moon Well
04:00 Tree of Ages
04:28 Hunter's Hall
05:00 Ancient of Wonders
06:09 Hunter's Hall
08:14 Tree of Eternity
09:13 Ancient of Wind
10:23 Ancient of Wind
12:54 Moon Well
14:55 Moon Well
15:59 Tree of Life
17:24 Tree of Life
20:22 Tree of Life
22:30 Tree of Ages
24:52 Tree of Life
27:04 Tree of Life
32:55 Tree of Life
» items

»
XxTerrorxX (
purple | 18 APM | 1302 actions | 71:24)
6 Dark Ranger
3 Black Arrow
2 Silence
1 Charm
4 Death Knight
2 Death Coil
2 Unholy Aura
» actions
| Assign group hotkey | 45 | |
| Build / train | 56 | |
| Enter build submenu | 17 | |
| Enter hero's abilities submenu | 10 | |
| Give item / drop item | 1 | |
| Remove unit from queue | 4 | |
| Right click | 464 | |
| Select / deselect | 282 | |
| Select group hotkey | 374 | |
| Use ability | 49 | |
1302 total
» units
| Acolyte | 8 | |
| Ghoul | 4 | |
| Crypt Fiend | 7 | |
| Frost Wyrm | 9 | |
28 total
» upgrades
| Creature Attack | 3 | |
| Creature Carapace | 3 | |
| Web | 1 | |
| Freezing Breath | 1 | |
8 total
» buildings
| Graveyard | 1 | |
| Crypt | 2 | |
| Altar of Darkness | 1 | |
| Ziggurat | 9 | |
| Halls of the Dead | 1 | |
| Black Citadel | 1 | |
| Sacrificial Pit | 1 | |
| Boneyard | 2 | |
| Tomb of Relics | 1 | |
19 total
» build order
00:11 Graveyard
00:19 Crypt
00:54 Altar of Darkness
01:00 Ziggurat
01:45 Ziggurat
02:21 Crypt
03:57 Ziggurat
05:28 Halls of the Dead
06:23 Ziggurat
08:27 Black Citadel
08:44 Sacrificial Pit
08:57 Ziggurat
08:58 Ziggurat
11:34 Boneyard
11:36 Boneyard
13:37 Ziggurat
13:38 Ziggurat
16:32 Ziggurat
23:51 Tomb of Relics
» items
TrayTor (
teal | 51 APM | 3632 actions | 71:50)
10 Archmage
3 Summon Water Elemental
3 Brilliance Aura
1 Mass Teleport
3 Blizzard
» actions
| Assign group hotkey | 37 | |
| Basic commands | 316 | |
| Build / train | 166 | |
| Enter build submenu | 81 | |
| Enter hero's abilities submenu | 10 | |
| Give item / drop item | 14 | |
| Remove unit from queue | 1 | |
| Right click | 1324 | |
| Select / deselect | 637 | |
| Select group hotkey | 701 | |
| Use ability | 345 | |
3632 total
» units
| Peasant | 18 | |
| Footman | 4 | |
| Goblin Shredder | 2 | |
| Gryphon Rider | 11 | |
| Goblin Sapper | 15 | |
| Goblin Zeppelin | 4 | |
| Dragonhawk Rider | 13 | |
| Siege Engine | 3 | |
| Mortar Team | 3 | |
73 total
» upgrades
| Masonry | 3 | |
| Swords | 3 | |
| Armor | 3 | |
| Animal War Training | 1 | |
| Storm Hammers | 1 | |
| Cloud | 1 | |
| Gunpowder | 3 | |
| Plating | 3 | |
| Barrage | 1 | |
| Fragmentation Shards | 1 | |
| Flare | 1 | |
| Flying Machine Bombs | 0 | |
| Flak Cannons | 1 | |
| Magic Sentry | 1 | |
23 total
» buildings
| Altar of Kings | 1 | |
| Barracks | 1 | |
| Farm | 11 | |
| Scout Tower | 64 | |
| Arcane Tower | 1 | |
| Arcane Vault | 4 | |
| Lumber Mill | 1 | |
| Keep | 1 | |
| Town Hall | 4 | |
| Guard Tower | 17 | |
| Castle | 1 | |
| Gryphon Aviary | 4 | |
| Blacksmith | 2 | |
| Workshop | 7 | |
| Arcane Sanctum | 1 | |
120 total
» build order
00:42 Altar of Kings
00:43 Barracks
00:50 Farm
00:51 Farm
01:05 Farm
01:41 Farm
02:01 Scout Tower
02:29 Arcane Tower
03:11 Arcane Vault
03:33 Lumber Mill
04:06 Keep
05:03 Town Hall
05:06 Scout Tower
05:07 Scout Tower
05:08 Scout Tower
05:09 Scout Tower
05:38 Guard Tower
05:39 Guard Tower
05:41 Guard Tower
05:53 Scout Tower
05:54 Scout Tower
06:47 Guard Tower
06:56 Guard Tower
07:28 Castle
08:32 Scout Tower
08:32 Scout Tower
08:32 Scout Tower
08:33 Scout Tower
08:33 Scout Tower
08:40 Gryphon Aviary
08:40 Gryphon Aviary
08:41 Gryphon Aviary
08:42 Gryphon Aviary
08:46 Blacksmith
08:49 Blacksmith
09:08 Guard Tower
09:28 Guard Tower
10:19 Farm
13:40 Scout Tower
13:41 Scout Tower
13:41 Scout Tower
13:42 Scout Tower
13:51 Scout Tower
13:52 Scout Tower
14:41 Guard Tower
17:12 Arcane Vault
17:16 Scout Tower
17:17 Scout Tower
17:19 Scout Tower
17:23 Scout Tower
17:55 Scout Tower
17:55 Scout Tower
17:55 Scout Tower
17:56 Scout Tower
17:56 Scout Tower
17:57 Scout Tower
17:57 Scout Tower
17:58 Scout Tower
17:58 Scout Tower
17:58 Scout Tower
17:59 Scout Tower
18:00 Scout Tower
18:00 Scout Tower
21:40 Guard Tower
21:42 Guard Tower
21:46 Guard Tower
23:16 Farm
23:19 Farm
23:19 Farm
23:19 Farm
23:20 Farm
23:20 Farm
23:39 Town Hall
24:21 Scout Tower
24:21 Scout Tower
24:22 Scout Tower
24:22 Scout Tower
24:23 Scout Tower
24:32 Scout Tower
24:32 Scout Tower
24:32 Scout Tower
24:33 Scout Tower
24:35 Scout Tower
24:35 Scout Tower
24:35 Scout Tower
24:36 Scout Tower
24:36 Scout Tower
24:37 Scout Tower
24:37 Scout Tower
24:38 Scout Tower
24:56 Guard Tower
24:57 Guard Tower
25:22 Guard Tower
26:02 Guard Tower
26:04 Guard Tower
27:06 Town Hall
27:09 Scout Tower
27:10 Scout Tower
27:10 Scout Tower
27:11 Scout Tower
27:12 Scout Tower
27:12 Scout Tower
27:13 Scout Tower
27:13 Scout Tower
27:14 Scout Tower
27:15 Scout Tower
27:15 Scout Tower
27:16 Scout Tower
27:20 Arcane Vault
27:24 Arcane Vault
28:56 Guard Tower
39:36 Town Hall
49:40 Workshop
49:58 Workshop
50:01 Workshop
50:03 Workshop
50:05 Workshop
50:08 Workshop
50:10 Workshop
50:42 Arcane Sanctum
» items
| Scroll of Town Portal | 8 | |
| Scroll of Regeneration | 6 | |
| Mechanical Critter | 4 | |
| Sentry Wards | 2 | |
| Periapt of Vitality | 4 | |
| Boots of Speed | 1 | |
| Potion of Lesser Invulnerability | 5 | |
| Potion of Healing | 4 | |
| Staff of Teleportation | 1 | |
| Scroll of Healing | 1 | |
| Staff of Sanctuary | 1 | |
| Scroll of Protection | 1 | |
38 total

»
SODOSOPA (
yellow | 68 APM | 2262 actions | 33:02)
4 Archmage
2 Blizzard
2 Brilliance Aura
4 Mountain King
2 Storm Bolt
2 Bash
4 Paladin
2 Holy Light
1 Devotion Aura
1 Divine Shield
» actions
| Assign group hotkey | 23 | |
| Basic commands | 19 | |
| Build / train | 65 | |
| ESC pressed | 3 | |
| Enter build submenu | 18 | |
| Enter hero's abilities submenu | 12 | |
| Give item / drop item | 1 | |
| Right click | 1120 | |
| Select / deselect | 247 | |
| Select group hotkey | 650 | |
| Use ability | 104 | |
2262 total
» units
| Peasant | 18 | |
| Gryphon Rider | 12 | |
| Dragonhawk Rider | 4 | |
34 total
» upgrades
| Swords | 3 | |
| Lumber Harvesting | 1 | |
| Storm Hammers | 1 | |
| Armor | 2 | |
| Plating | 1 | |
| Gunpowder | 1 | |
| Cloud | 1 | |
10 total
» buildings
| Altar of Kings | 1 | |
| Farm | 14 | |
| Lumber Mill | 1 | |
| Arcane Vault | 1 | |
| Scout Tower | 6 | |
| Keep | 1 | |
| Guard Tower | 4 | |
| Blacksmith | 1 | |
| Castle | 1 | |
| Gryphon Aviary | 3 | |
| Town Hall | 3 | |
36 total
» build order
00:20 Altar of Kings
00:36 Farm
00:51 Lumber Mill
01:10 Arcane Vault
01:47 Farm
02:17 Farm
02:18 Farm
02:21 Farm
02:22 Farm
02:23 Farm
02:42 Scout Tower
02:49 Scout Tower
03:01 Keep
03:58 Guard Tower
04:02 Blacksmith
04:21 Scout Tower
04:23 Scout Tower
04:24 Scout Tower
04:25 Scout Tower
04:48 Guard Tower
05:20 Guard Tower
05:26 Castle
05:39 Gryphon Aviary
05:40 Gryphon Aviary
05:41 Gryphon Aviary
06:37 Farm
06:38 Farm
06:39 Farm
06:40 Farm
08:17 Guard Tower
10:27 Farm
10:28 Farm
10:30 Farm
11:58 Town Hall
25:31 Town Hall
29:09 Town Hall
team 2 (loser)

»
r2p]NewbieFTW (
green | 77 APM | 1651 actions | 21:31)
5 Blademaster
2 Wind Walk
3 Critical Strike
» actions
| Assign group hotkey | 28 | |
| Basic commands | 1 | |
| Build / train | 78 | |
| Enter build submenu | 27 | |
| Enter hero's abilities submenu | 4 | |
| Right click | 434 | |
| Select / deselect | 260 | |
| Select group hotkey | 697 | |
| Use ability | 122 | |
1651 total
» units
| Peon | 13 | |
| Demolisher | 20 | |
| Goblin Zeppelin | 2 | |
| Troll Batrider | 4 | |
| Goblin Sapper | 4 | |
43 total
» upgrades
| Ranged Weapons | 1 | |
| Reinforced Defenses | 1 | |
| Burning Oil | 1 | |
| Liquid Fire | 1 | |
4 total
» buildings
| Altar of Storms | 1 | |
| Orc Burrow | 4 | |
| Voodoo Lounge | 1 | |
| Stronghold | 2 | |
| War Mill | 1 | |
| Barracks | 2 | |
| Watch Tower | 8 | |
| Fortress | 1 | |
| Beastiary | 2 | |
22 total
» build order
00:07 Altar of Storms
00:13 Orc Burrow
00:51 Voodoo Lounge
02:20 Stronghold
02:33 War Mill
02:52 Barracks
03:47 Orc Burrow
04:09 Watch Tower
04:11 Watch Tower
05:24 Barracks
05:31 Orc Burrow
05:55 Watch Tower
06:06 Orc Burrow
10:33 Fortress
11:22 Watch Tower
12:42 Watch Tower
13:23 Watch Tower
15:57 Beastiary
15:58 Beastiary
16:02 Watch Tower
18:44 Watch Tower
» items
| Healing Salve | 3 | |
| Lesser Clarity Potion | 8 | |
| Scroll of Speed | 2 | |
| Potion of Healing | 4 | |
| Potion of Mana | 1 | |
| Orb of Lightning | 1 | |
| Scroll of Town Portal | 3 | |
22 total
the.wanderer (
orange | 45 APM | 960 actions | 21:16)
4 Death Knight
2 Death Coil
2 Death Pact
2 Lich
1 Frost Nova
1 Dark Ritual
» actions
| Assign group hotkey | 1 | |
| Basic commands | 10 | |
| Build / train | 50 | |
| Enter build submenu | 22 | |
| Enter hero's abilities submenu | 6 | |
| Remove unit from queue | 2 | |
| Right click | 597 | |
| Select / deselect | 206 | |
| Use ability | 66 | |
960 total
» units
| Acolyte | 8 | |
| Ghoul | 4 | |
| Crypt Fiend | 14 | |
| Obsidian Statue | 2 | |
| Abomination | 2 | |
30 total
» upgrades
| Creature Attack | 1 | |
| Web | 1 | |
| Burrow | 1 | |
| Creature Carapace | 1 | |
| Disease Cloud | 0 | |
4 total
» buildings
| Crypt | 2 | |
| Ziggurat | 6 | |
| Graveyard | 1 | |
| Altar of Darkness | 1 | |
| Tomb of Relics | 1 | |
| Nerubian Tower | 1 | |
| Halls of the Dead | 1 | |
| Slaughterhouse | 2 | |
| Black Citadel | 1 | |
| Necropolis | 1 | |
17 total
» build order
00:25 Crypt
00:29 Ziggurat
00:47 Graveyard
01:00 Altar of Darkness
02:10 Tomb of Relics
02:20 Ziggurat
02:27 Nerubian Tower
03:27 Ziggurat
05:17 Halls of the Dead
08:30 Slaughterhouse
08:31 Slaughterhouse
08:33 Black Citadel
09:21 Ziggurat
09:29 Ziggurat
10:10 Ziggurat
13:17 Crypt
15:55 Necropolis
» items
| Rod of Necromancy | 2 | |
| Dust of Appearance | 1 | |
3 total
myfootyourass (
pink | 88 APM | 1873 actions | 21:10)
6 Death Knight
3 Death Coil
2 Unholy Aura
1 Animate Dead
2 Crypt Lord
1 Impale
1 Spiked Carapace
» actions
| Assign group hotkey | 43 | |
| Basic commands | 37 | |
| Build / train | 85 | |
| Enter build submenu | 20 | |
| Enter hero's abilities submenu | 8 | |
| Give item / drop item | 1 | |
| Remove unit from queue | 2 | |
| Right click | 855 | |
| Select / deselect | 306 | |
| Select group hotkey | 406 | |
| Use ability | 110 | |
1873 total
» units
| Acolyte | 12 | |
| Ghoul | 3 | |
| Crypt Fiend | 17 | |
| Goblin Shredder | 2 | |
| Obsidian Statue | 4 | |
| Frost Wyrm | 5 | |
43 total
» upgrades
| Creature Attack | 2 | |
| Creature Carapace | 2 | |
| Web | 1 | |
| Destroyer Form | 1 | |
6 total
» buildings
| Ziggurat | 13 | |
| Altar of Darkness | 1 | |
| Crypt | 1 | |
| Graveyard | 1 | |
| Tomb of Relics | 1 | |
| Halls of the Dead | 3 | |
| Nerubian Tower | 4 | |
| Slaughterhouse | 1 | |
| Black Citadel | 4 | |
| Sacrificial Pit | 1 | |
| Boneyard | 2 | |
32 total
» build order
00:21 Ziggurat
00:23 Altar of Darkness
00:52 Crypt
01:04 Graveyard
01:18 Ziggurat
01:33 Tomb of Relics
04:05 Ziggurat
04:35 Ziggurat
05:08 Halls of the Dead
05:08 Halls of the Dead
05:09 Halls of the Dead
05:38 Nerubian Tower
05:38 Nerubian Tower
05:38 Nerubian Tower
06:49 Ziggurat
08:33 Slaughterhouse
09:57 Black Citadel
09:57 Black Citadel
10:34 Sacrificial Pit
10:45 Ziggurat
10:46 Ziggurat
12:40 Boneyard
12:40 Boneyard
13:42 Ziggurat
13:42 Ziggurat
13:43 Ziggurat
14:42 Ziggurat
14:43 Ziggurat
18:53 Ziggurat
» items
| Rod of Necromancy | 1 | |
| Sacrificial Skull | 1 | |
| Potion of Lesser Invulnerability | 1 | |
| Boots of Speed | 1 | |
| Scroll of Protection | 1 | |
| Scroll of Healing | 1 | |
| Scroll of Town Portal | 2 | |
| Potion of Healing | 2 | |
| Potion of Mana | 1 | |
11 total
RODSERLING. (
blue | 56 APM | 4028 actions | 71:49)
10 Blademaster
3 Wind Walk
3 Critical Strike
1 Bladestorm
3 Mirror Image
» actions
| Assign group hotkey | 92 | |
| Basic commands | 5 | |
| Build / train | 117 | |
| Enter build submenu | 38 | |
| Enter hero's abilities submenu | 9 | |
| Give item / drop item | 10 | |
| Right click | 1853 | |
| Select / deselect | 421 | |
| Select group hotkey | 1120 | |
| Use ability | 363 | |
4028 total
» units
| Peon | 17 | |
| Goblin Shredder | 5 | |
| Wind Rider | 9 | |
| Troll Batrider | 17 | |
| Demolisher | 3 | |
| Goblin Sapper | 12 | |
63 total
» upgrades
| Reinforced Defenses | 1 | |
| Envenomed Spears | 1 | |
| Ranged Weapons | 3 | |
| Armor | 3 | |
| Liquid Fire | 2 | |
10 total
» buildings
| Altar of Storms | 1 | |
| Orc Burrow | 8 | |
| Voodoo Lounge | 1 | |
| Stronghold | 2 | |
| War Mill | 1 | |
| Great Hall | 2 | |
| Beastiary | 8 | |
| Watch Tower | 83 | |
| Fortress | 3 | |
109 total
» build order
00:09 Altar of Storms
00:24 Orc Burrow
00:48 Voodoo Lounge
02:06 Stronghold
02:35 War Mill
02:44 Orc Burrow
03:53 Great Hall
04:25 Orc Burrow
04:42 Beastiary
05:29 Watch Tower
05:29 Watch Tower
05:29 Watch Tower
06:08 Fortress
06:17 Beastiary
06:36 Watch Tower
06:53 Watch Tower
07:02 Watch Tower
07:04 Watch Tower
07:39 Beastiary
09:35 Watch Tower
09:35 Watch Tower
09:36 Watch Tower
09:37 Watch Tower
09:38 Watch Tower
11:18 Watch Tower
11:19 Watch Tower
11:20 Watch Tower
12:07 Orc Burrow
12:08 Orc Burrow
13:48 Orc Burrow
15:56 Watch Tower
15:57 Watch Tower
15:57 Watch Tower
15:57 Watch Tower
15:58 Watch Tower
16:03 Watch Tower
16:03 Watch Tower
17:13 Beastiary
17:23 Watch Tower
17:24 Watch Tower
17:24 Watch Tower
17:31 Watch Tower
17:32 Watch Tower
17:32 Watch Tower
17:36 Watch Tower
17:37 Watch Tower
18:33 Watch Tower
18:34 Watch Tower
21:23 Watch Tower
21:23 Watch Tower
21:24 Watch Tower
21:24 Watch Tower
21:24 Watch Tower
21:25 Watch Tower
21:25 Watch Tower
22:08 Watch Tower
22:09 Watch Tower
22:09 Watch Tower
22:09 Watch Tower
22:09 Watch Tower
22:11 Watch Tower
22:13 Stronghold
22:38 Watch Tower
22:38 Watch Tower
22:39 Watch Tower
22:39 Watch Tower
22:40 Watch Tower
22:40 Watch Tower
22:41 Watch Tower
22:41 Watch Tower
22:41 Watch Tower
22:42 Watch Tower
22:56 Watch Tower
22:56 Watch Tower
22:57 Watch Tower
23:12 Watch Tower
23:12 Watch Tower
25:40 Watch Tower
25:41 Watch Tower
27:03 Watch Tower
27:03 Watch Tower
27:04 Watch Tower
27:04 Watch Tower
27:05 Watch Tower
27:05 Watch Tower
27:05 Watch Tower
27:06 Watch Tower
27:07 Watch Tower
27:07 Watch Tower
27:09 Watch Tower
27:10 Watch Tower
27:10 Watch Tower
27:27 Watch Tower
27:27 Watch Tower
27:28 Watch Tower
27:28 Watch Tower
27:28 Watch Tower
28:42 Beastiary
28:43 Beastiary
32:35 Fortress
32:40 Beastiary
32:40 Beastiary
33:36 Orc Burrow
33:56 Orc Burrow
63:59 Great Hall
» items
| Healing Salve | 5 | |
| Lesser Clarity Potion | 1 | |
| Staff of Teleportation | 1 | |
| Dust of Appearance | 1 | |
| Scroll of Town Portal | 9 | |
| Orb of Lightning | 1 | |
| Tiny Great Hall | 1 | |
| Potion of Healing | 2 | |
| Scroll of Healing | 2 | |
| Potion of Mana | 2 | |
| Potion of Lesser Invulnerability | 1 | |
| Boots of Speed | 1 | |
27 total
Chat log
(00:14 / Allies) SODOSOPA: nothing but fuckin around
(01:13 / Allies) XxTerrorxX: whatca all gettin ghuys
(01:16 / Allies) TrayTor: griffs
(01:19 / Allies) SODOSOPA: griffs only
(01:33 / Allies) XxTerrorxX: ill go to frosts
(01:33 / Allies) SODOSOPA: straight tech to griffs
(01:39 / Allies) SODOSOPA: griffs only
(01:53 / All) RODSERLING.: if i buy a graphics card from amazon and it doesnt work, can i get a refund
(02:13 / All) XxTerrorxX: break it on install?
(02:23 / All) RODSERLING.: wt
(02:29 / All) RODSERLING.: wat
(02:50 / All) RODSERLING.: naw
(02:51 / All) RODSERLING.: just
(03:06 / Allies) XxTerrorxX: shud be ok
(03:08 / All) RODSERLING.: if it isnt compatible with my pc
(03:14 / All) XxTerrorxX: shid be ok if its amazon
(03:27 / All) XxTerrorxX: and not a vendor
(04:56 / All) TrayTor: queer
(05:29 / Allies) TrayTor: lumber?
(05:42 / Allies) TrayTor: danke
(07:22 / All) TrayTor: Fucking faggot nuisasnce
(07:31 / Allies) TrayTor: help
(07:32 / Allies) XxTerrorxX: omw
(07:56 / Allies) SODOSOPA: leave him
(07:59 / Allies) SODOSOPA: he got pults
(08:01 / Allies) SODOSOPA: nub
(11:28 / Allies) XxTerrorxX: omw
(13:00 / All) myfootyourass: HE
(13:17 / Allies) XxTerrorxX: bjk
(13:43 / Allies) SODOSOPA: thnx for help team
(13:45 / Allies) XxTerrorxX: get tps
(13:46 / Allies) SODOSOPA: great effort
(13:55 / Allies) XxTerrorxX: are u joking
(14:06 / Allies) SODOSOPA: yes
(14:06 / Allies) XxTerrorxX: omw
(14:08 / Allies) SODOSOPA: not u
(14:13 / Allies) SODOSOPA: red and teal blow
(14:25 / Allies) SODOSOPA: REDDDDDDDDDDD
(14:26 / Allies) TrayTor: what are you whining about pussy
(14:33 / Allies) XxTerrorxX: relax
(14:34 / Allies) XxTerrorxX: guys
(15:00 / Allies) XxTerrorxX: stay toghether
(15:27 / Allies) TrayTor: nice repair
(16:09 / Allies) XxTerrorxX: head up]
(16:21 / Allies) XxTerrorxX: omw yellow
(16:49 / Allies) XxTerrorxX: get em
(16:53 / Allies) SODOSOPA: got em coach
(17:40 / All) SODOSOPA: go big or go home
(20:15 / All) myfootyourass: ANAL
(20:17 / All) myfootyourass: U NIGGER
(20:34 / Allies) XxTerrorxX: nice
(20:35 / Allies) XxTerrorxX: yellow
(20:43 / Allies) XxTerrorxX: fuckning hero
(21:23 / All) XxTerrorxX: when u said fucking around yellow
(21:32 / Allies) XxTerrorxX: i thought I was gona get tked
(21:34 / All) SODOSOPA: wat
(21:46 / Allies) XxTerrorxX: u said u were ghona fuck around
(21:51 / All) SODOSOPA: this was a fuck around nobody go tech griff
(21:52 / Allies) XxTerrorxX: and dI thought here it comes
(21:58 / Allies) XxTerrorxX: lol
(22:01 / Allies) XxTerrorxX: but we were ok
(22:05 / Allies) XxTerrorxX: mostly cause of me
(22:14 / All) SODOSOPA: i played half ass
(22:32 / All) SODOSOPA: hero snipe is funny as shit tho
(22:34 / Allies) XxTerrorxX: ive been there
(24:19 / Allies) SODOSOPA: pwn
(24:30 / All) SODOSOPA: raped
(24:50 / Allies) SODOSOPA: i got pwnd
(25:55 / Allies) XxTerrorxX: k we need to rally
(26:17 / Allies) XxTerrorxX: not likely but blue can still win
(26:20 / Allies) SODOSOPA: meet up homie
(26:27 / Allies) SODOSOPA: need gold
(26:33 / All) XxTerrorxX: ok homeslice
(26:53 / All) RODSERLING.: who is homeslice
(26:59 / All) XxTerrorxX: yellow
(27:29 / Allies) XxTerrorxX: where u goin
(27:40 / Allies) SODOSOPA: lookin for blue to rape
(27:49 / Allies) SODOSOPA: oops
(27:54 / Allies) SODOSOPA: its gg now
(27:57 / Allies) SODOSOPA: with cloud
(27:58 / Allies) SODOSOPA: wait
(28:51 / All) RODSERLING.: i dont like u guys
(29:00 / All) XxTerrorxX: y
(29:06 / All) RODSERLING.: i like u
(29:08 / All) RODSERLING.: not yellow or red
(29:15 / All) RODSERLING.: well man
(29:19 / All) RODSERLING.: what goes around comes around
(29:23 / All) XxTerrorxX: yea
(30:26 / Allies) XxTerrorxX: thx tea;
(30:30 / All) RODSERLING.: yellow is full of shit when he said he wsant really trying
(30:33 / All) RODSERLING.: trust me he was
(30:40 / Allies) XxTerrorxX: Why u tk
(30:51 / All) XxTerrorxX: why u tk teal
(31:03 / Allies) SODOSOPA: O?mg
(31:04 / Allies) TrayTor: You said I suck
(31:11 / All) XxTerrorxX: i didnt
(31:12 / All) RODSERLING.: yellow ur anigger
(31:33 / All) SODOSOPA: stop teal why
(31:46 / Allies) TrayTor: you said I suck
(31:53 / Allies) TrayTor: NOW YOU PAY
(31:55 / Allies) SODOSOPA: wasnt me
(32:00 / All) TrayTor: It was you!
(32:05 / Allies) SODOSOPA: musta been someone else
(32:06 / All) XxTerrorxX: blue did teal
(32:13 / All) TrayTor: IT WAS YELLOW
(32:16 / All) TrayTor: HE IS YELLOW
(32:27 / All) RODSERLING.: wtf
(32:29 / All) TrayTor: I SHOW YOU WHO SUCKS
(32:34 / All) SODOSOPA: teal owned me TK
(32:51 / All) RODSERLING.: yellow tked purple??
(32:52 / All) SODOSOPA: think he's drunk or something
(32:59 / All) SODOSOPA: dont really care see ya guys GG
(33:00 / All) TrayTor: I AM THE ONE THAT KNOCKS
(33:42 / Allies) XxTerrorxX: can we just end this
(33:52 / Allies) TrayTor: Yes we can
(33:57 / Allies) TrayTor: I can, rather
(34:05 / All) RODSERLING.: wats waterworks mean
(34:05 / All) XxTerrorxX: u do suck teal
(34:07 / All) XxTerrorxX: lol
(34:20 / All) TrayTor: I AM THE ONE THAT KNOCKS
(34:21 / All) XxTerrorxX: u were the worst on the team
(34:31 / All) XxTerrorxX: no you are the nooblet who sucks at life
(34:33 / All) TrayTor: We'll see at the score screen, buddy boy
(34:43 / All) XxTerrorxX: oh yes we will nooblet
(34:45 / All) TrayTor: I will get #1 HIGH SCORE!
(34:52 / All) XxTerrorxX: u will get resources and nothing else
(35:07 / All) TrayTor: I will get more unit kills and hero kills than you buddy boy!
(35:15 / All) TrayTor: While staying under 50 food most of the game!
(35:18 / All) TrayTor: That's a master!
(35:28 / All) XxTerrorxX: dude
(35:32 / All) XxTerrorxX: budy boy
(35:36 / All) XxTerrorxX: u suck
(35:38 / All) TrayTor: LISTEN UP PAL
(35:41 / All) TrayTor: I AM THE ONE THAT KNOCKS
(35:44 / All) XxTerrorxX: u were worthless whole game
(35:45 / All) RODSERLING.: purple, what happened
(35:51 / All) XxTerrorxX: no you are the one who loses
(35:58 / All) XxTerrorxX: teal is being a baby
(36:06 / All) TrayTor: I AM THE GREAT DECIDER
(36:09 / All) XxTerrorxX: and the only way he can control any game is to tk
(36:11 / All) TrayTor: I WILL DECIDE THE OUTCOME OF THIS GAME
(36:28 / All) RODSERLING.: purp red
(36:31 / All) RODSERLING.: i think i can take him
(36:33 / All) XxTerrorxX: well its a shame u cant decide it by not being a noob
(36:37 / All) RODSERLING.: he just has aa right?
(36:51 / All) XxTerrorxX: yea you will win this game
(36:57 / All) XxTerrorxX: its yours blue
(37:00 / All) RODSERLING.: he has expos everywhere tho
(37:02 / All) XxTerrorxX: its been fun
(37:03 / All) RODSERLING.: how much gold
(37:08 / All) TrayTor: I DON'T NEGOTIATE WITH TERRORISTS
(37:15 / All) XxTerrorxX: 11000
(37:21 / All) RODSERLING.: ........
(37:21 / All) XxTerrorxX: are u beating it to this right now
(37:22 / All) RODSERLING.: ur joking
(37:25 / All) XxTerrorxX: i dont really get it
(37:31 / All) RODSERLING.: how the hell does he have 11k
(37:37 / All) XxTerrorxX: when you come will you level off?
(37:40 / All) TrayTor: NO I'M DLING THE PORN VIDS NOW
(37:40 / All) RODSERLING.: i saw him with griffs
(37:42 / All) TrayTor: IT'S FOR LATER
(38:45 / All) RODSERLING.: noob
(38:47 / All) RODSERLING.: gonna rape ur hero
(38:50 / All) XxTerrorxX: yea without me helping you tard
(38:52 / All) XxTerrorxX: u are gone
(38:57 / All) RODSERLING.: me?
(39:03 / All) XxTerrorxX: its been that way for whole game
(39:04 / All) RODSERLING.: teal is a douche
(39:05 / All) TrayTor: I DON'T NEED YOUR HELP AMATEUR
(39:05 / All) XxTerrorxX: teal
(39:11 / All) RODSERLING.: teal has towers everywehre
(39:20 / All) XxTerrorxX: this is a fresh acount for u blue?
(39:46 / All) RODSERLING.: ya i had 2k games a few yrs ago on it not sure if it reset
(40:17 / All) XxTerrorxX: well blue if you want to play together sometime hit me up
(40:24 / All) RODSERLING.: wait man
(40:27 / All) TrayTor: I DOUBT HE HAS TIME FOR AMATEURS
(40:28 / All) RODSERLING.: at least til i kill teal
(40:30 / All) XxTerrorxX: im a little rusty but I was good at some point
(40:41 / All) XxTerrorxX: 26 and 0 highest steak
(40:43 / All) RODSERLING.: teal is one of those insecure people
(41:15 / All) XxTerrorxX: yea and someone playing this is prolly late 20s no gf and no job
(41:34 / All) TrayTor: I'M 33 THANK YOU VERY MUCH
(41:43 / All) TrayTor: I HAVE A BEAUTIFUL GIRLFRIEND I SKYPE WITH EVERY OTHER DAY
(41:48 / All) XxTerrorxX: and u are a bsing douche
(41:56 / All) XxTerrorxX: of course its an online gf,,
(42:02 / All) XxTerrorxX: how much does she cost>
(42:08 / All) RODSERLING.: teal's favorite movie is probably frozen
(42:27 / All) XxTerrorxX: no deff pulp fiction
(42:42 / All) XxTerrorxX: he addressed the gf but not the joblessness
(42:44 / All) RODSERLING.: y pulp fiction
(42:47 / All) XxTerrorxX: thats saying something
(42:55 / All) TrayTor: I FARM WOW GOLD FOR AMAZON CREDIT
(42:58 / All) TrayTor: BUSINESS IS GOOD
(43:04 / All) TrayTor: IT'S A VERY LUCRATIVE FIELD
(43:06 / All) XxTerrorxX: sure ya do
(44:25 / All) RODSERLING.: teal be honest
(44:28 / All) RODSERLING.: ur fav movie is frozen
(44:29 / All) RODSERLING.: right
(44:31 / All) TrayTor: NO
(44:32 / All) TrayTor: ROBOCOP
(44:52 / All) TrayTor: YOUR MOVe, CREEP
(45:21 / All) RODSERLING.: i dont believe u; u prob like crappy movies like the alien series
(45:27 / All) TrayTor: ...
(45:32 / All) TrayTor: I can't believe you just said that
(45:36 / All) TrayTor: You phillistine
(46:36 / All) RODSERLING.: mh?
(46:45 / All) TrayTor: AND?
(46:53 / All) XxTerrorxX: nah that would make sense
(47:07 / All) TrayTor: I CAN ATTACK THRU FOG WITH FOG HACK
(47:30 / All) XxTerrorxX: omg I just realized how much I hate losers
(47:41 / All) XxTerrorxX: its been so long
(49:24 / All) RODSERLING.: help me out red and purp whisper me wheres he at and his expos
(51:05 / All) XxTerrorxX: mass tp is awsome for late game
(51:11 / All) XxTerrorxX: u are probably sol
(51:17 / All) XxTerrorxX: but not because hes any good
(51:23 / All) XxTerrorxX: we wreched ur entire team
(51:26 / All) RODSERLING.: he mh's
(51:39 / All) RODSERLING.: teal beat us 1v4?
(51:49 / Allies) XxTerrorxX: ?
(51:51 / All) XxTerrorxX: ?
(52:05 / All) RODSERLING.: u just said teal wrecked us 1v4
(52:19 / All) XxTerrorxX: no i wreched u guys
(52:27 / All) TrayTor: Purple was useless
(52:29 / All) TrayTor: worthless fiend bot
(52:51 / All) RODSERLING.: i only remember seeing yellows girffs and teals griffs
(54:59 / All) XxTerrorxX: wow
(55:45 / All) TrayTor: OPERATION SHOCK AND AWE
(55:50 / All) TrayTor: WE DON'T NEGOTIATE WITH TERRORISTS
(59:16 / All) RODSERLING.: 1500 hp on archmage is bullshit
(60:07 / All) TrayTor: hehe
(60:16 / All) RODSERLING.: tanks cant hurt me at my base so i win
(61:32 / All) TrayTor: I never fully upgraded lol
(61:35 / All) TrayTor: whoops
(64:28 / All) TrayTor: Unless PURPLE issues an apology to me I will KILL MY OWN STUFF
(64:33 / All) TrayTor: and then we will both LOSE THE GAME
(65:15 / All) TrayTor: The CLOCK is TICKIN'!
(66:44 / All) XxTerrorxX: i am not apoligizing
(66:45 / All) TrayTor: If PURPLE does not offer an APOLOGY to ME then this team will lose the game!
(67:00 / All) TrayTor: He must also admit the fact that I am a SUPERIOR WARCRAFT 3 PLAYER
(67:05 / All) TrayTor: than he could EVER hope to be!
(67:08 / All) XxTerrorxX: nope
(67:13 / All) XxTerrorxX: lol
(67:26 / All) XxTerrorxX: ima go play some fallout
(67:28 / All) RODSERLING.: sorry about tel, purple
(67:39 / All) TrayTor: I bet you are playing FALLOUT 4
(67:42 / All) RODSERLING.: if you apologize though man, he said he'd give u the win
(67:51 / All) TrayTor: Which is for PHILLISTINES and RETARDED IDIOTS
(68:13 / All) XxTerrorxX: friend u have way to much time on your hands
(68:28 / All) TrayTor: Says the one WATCHING me DOMINATE the game while they have ZERO units!
(68:36 / All) XxTerrorxX: and if u are this big of a douche bag there is no way you have a professional career
(68:43 / All) XxTerrorxX: i wasnt watching you tard
(68:53 / All) XxTerrorxX: i didnt refuse to apoligize
(68:56 / All) TrayTor: I told you that I sell WARCRAFT GOLD for AMAZON CREDIT
(68:57 / All) RODSERLING.: teal sounds educated but ur right hes a douche
(68:59 / All) XxTerrorxX: i was drinking a beer
(69:11 / All) RODSERLING.: purple if u apologize he'll give u the win . i feel bad about this outcome man
(69:21 / All) XxTerrorxX: lol well
(69:27 / All) XxTerrorxX: you said u chose the outcome
(69:33 / All) XxTerrorxX: i guess I do in the end
(69:35 / All) TrayTor: I am the GREAT DECIDER
(69:40 / All) XxTerrorxX: and I say go fuck yourself
(69:41 / All) TrayTor: I decide the outcome of this match!
(69:56 / All) XxTerrorxX: lol but you said I do
(70:00 / All) TrayTor: Let me reveal a little secret to you PAL
(70:01 / All) XxTerrorxX: your logic is flawed
(70:05 / All) TrayTor: I was never going to allow you to WIN
(70:06 / All) TrayTor: Haha!
(70:15 / All) TrayTor: this was a crooked and rigged game before it even began!
(70:16 / All) RODSERLING.: wow
(70:19 / All) TrayTor: You had no chance!
(70:20 / All) RODSERLING.: teal is truly like no other
(70:29 / All) XxTerrorxX: im not retarded
(70:39 / All) TrayTor: I am the great decider!
(70:41 / All) RODSERLING.: ive played thousands of game; never seen a player like teal before
(70:46 / All) RODSERLING.: hes unbelievable
(70:57 / All) XxTerrorxX: he must be climaxing right now
(71:15 / All) TrayTor: I saved YOUR BUILDINGS, for LAST, THIS WILL BE A GREAT PLEASURE1